 Dungeon Crawl Stone Soup version 0.24-a0-335-g06ca16a (webtiles) character file.

Game seed: 11160345739815021335

403 mhoghedin the Magician (level 6, -1/41 HPs)
             Began as a Mummy Conjurer on May 19, 2019.
             Was an Initiate of Kikubaaqudgha.
             Slain by an orc wizard
             ... wielding a +0 dagger
              (2 damage)
             ... on level 4 of the Dungeon.
             The game lasted 00:09:42 (4541 turns).

mhoghedin the Magician (Mummy Conjurer)             Turns: 4541, Time: 00:09:42

Health: -1/41      AC:  3    Str: 11    XL:     6   Next: 55%
Magic:  0/12       EV: 12    Int: 17    God:    Kikubaaqudgha [......]
Gold:   115        SH:  5    Dex: 15    Spells: 3/13 levels left

rFire    x . .     SeeInvis .   b - +0 dagger
rCold    + . .     Gourm    .   c - +0 buckler
rNeg     + + +     Faith    .   a - +0 robe
rPois    ∞         Spirit   +   j - +0 hat
rElec    .         Reflect  .   (no cloak)
rCorr    .         Harm     .   e - +0 pair of gloves
MR       .....                  (no boots)
Stlth    +.........             k - amulet of guardian spirit {Spirit}
HPRegen  0.13/turn              l - ring of attention (curse)
MPRegen  0.13/turn              o - +3 ring of dexterity

@: no status effects
A: no food or potions, fire vulnerability, cold resistance 1, negative energy
resistance 3, torment resistance, unbreathing
a: Renounce Religion


You were on level 4 of the Dungeon.
You worshipped Kikubaaqudgha.
Kikubaaqudgha was noncommittal.
You were not hungry.

You visited 1 branch of the dungeon, and saw 4 of its levels.

You collected 115 gold pieces.

Inventory:

Hand Weapons
 b - a +0 dagger (weapon)
   (You took it off a kobold on level 1 of the Dungeon)
Armour
 a - a +0 robe (worn)
 c - a +0 buckler (worn)
   (You found it on level 1 of the Dungeon)
 e - a +0 pair of gloves (worn)
   (You found it on level 1 of the Dungeon)
 j - a +0 hat (worn)
   (You found it on level 3 of the Dungeon)
Jewellery
 k - an amulet of guardian spirit (around neck) {Spirit}
   (You found it on level 3 of the Dungeon)
 l - a cursed ring of attention (left hand)
   (You found it on level 3 of the Dungeon)
 o - a +3 ring of dexterity (right hand)
   (You found it on level 4 of the Dungeon)
Scrolls
 d - 2 scrolls of magic mapping {unknown}
 f - 2 scrolls of remove curse {unknown}
 g - 2 scrolls of identify
 h - a scroll of immolation {unknown}
 i - a scroll of amnesia {unknown}
 m - a scroll of teleportation {unknown}
 n - 2 scrolls of noise {unknown}


   Skills:
 - Level 1.5 Dodging
 - Level 1.5 Stealth
 + Level 3.6 Shields
 - Level 4.4 Spellcasting
 - Level 4.3 Conjurations
 - Level 1.5 Hexes


You had 3 spell levels left.
You knew the following spells:

 Your Spells              Type           Power        Failure   Level  Hunger
a - Magic Dart            Conj           ###.         2%          1    N/A
b - Searing Ray           Conj           ###...       4%          2    N/A
c - Dazzling Spray        Conj/Hex       ##....       14%         3    N/A
d - Fulminant Prism       Conj/Hex       ##........   43%         4    N/A

Your spell library contained the following spells:

 Spells                   Type           Power        Failure   Level  Hunger
 Shock                    Conj/Air       ##..         6%          1    N/A
 Static Discharge         Conj/Air       ##......     19%         3    N/A
 Swiftness                Chrm/Air       #.......     24%         2    N/A
 Iskenderun's Mystic Bla  Conj           ###.....     26%         4    N/A
 Force Lance              Conj/Tloc      ##......     54%         4    N/A
 Airstrike                Air            #.........   83%         4    N/A
 Lightning Bolt           Conj/Air       ##........   87%         5    N/A

Dungeon Overview and Level Annotations

Branches:
Dungeon (4/15)
 Temple: D:4-7

Altars:
Kikubaaqudgha
Ru


Innate Abilities, Weirdness & Mutations

You do not eat or drink.
Your flesh is vulnerable to fire.
You are immune to poison.
Your flesh is cold resistant. (rC+)
You are immune to negative energy. (rN+++)
You are immune to unholy pain and torment.
You can survive without breathing.


Message History

Kikubaaqudgha accepts your kill. The orc hits you with a +0 hand axe.
You take 3 damage, and have 27/41 hp.
The orc wizard gestures wildly while chanting.
The orc wizard blinks!
You can't see that place. [the floor.]
You barely miss the orc. You block the orc's attack.
You barely miss the orc. The orc hits you with a +0 hand axe.
You take 3 damage, and have 28/41 hp.
You now have 3/12 mp.
You hit the orc. You hit the orc. The orc hits you but does no damage.
The orc wizard casts a spell.
The orc wizard blinks!
You barely miss the orc. The orc hits you with a +0 hand axe.
You take 5 damage, and have 23/41 hp.
You now have 2/12 mp.
You hit the orc.
You kill the orc!
Kikubaaqudgha accepts your kill.
You hit the scorpion. The scorpion stings you.
You hit the scorpion. The scorpion closely misses you.
You take 3 damage, and have 20/41 hp.
You closely miss the scorpion. The scorpion barely misses you.
You hit the scorpion. You block the scorpion's attack.
The orc wizard casts a spell.
The orc wizard blinks!
You hit the scorpion.
The scorpion stings you but does no damage.
You hit the scorpion but do no damage. You block the scorpion's attack.
You hit the scorpion. The scorpion completely misses you.
You barely miss the scorpion. The scorpion stings you.
You closely miss the scorpion. The scorpion barely misses you.
You barely miss the scorpion. The scorpion stings you.
You now have 2/12 mp.
You hit the scorpion. The scorpion closely misses you.
You hit the scorpion. The scorpion barely misses you.
You hit the scorpion but do no damage. The scorpion stings you.
You take 1 damage, and have 21/41 hp.
You closely miss the scorpion.
The scorpion stings you but does no damage.
You hit the scorpion but do no damage. The scorpion closely misses you.
You barely miss the scorpion. The scorpion stings you!
You take 7 damage, and have 14/41 hp.
You hit the scorpion but do no damage. The scorpion barely misses you.
The orc wizard casts a spell.
The orc wizard seems to speed up.
Aim: a scorpion (severely wounded)
The searing ray hits the scorpion. (Press . to maintain the ray.)
You block the scorpion's attack.
You now have 1/12 mp.
The searing ray hits the scorpion.
You kill the scorpion!
Kikubaaqudgha accepts your kill.
You now have 0/12 mp.
Without enough magic to sustain it, your searing ray dissipates.
The orc wizard hits you but does no damage.
The orc wizard hits you with a +0 dagger.
* * * LOW HITPOINT WARNING * * *
You take 3 damage, and have 12/41 hp.
Unknown command.
You closely miss the orc wizard. The orc wizard closely misses you.
You hit the orc wizard. The orc wizard barely misses you.
The orc wizard casts a spell at you. The magic dart hits you.
* * * LOW HITPOINT WARNING * * *
You take 4 damage, and have 8/41 hp.
You barely miss the orc wizard.
The orc wizard hits you with a +0 dagger.
* * * LOW HITPOINT WARNING * * *
You take 1 damage, and have 7/41 hp.
You miss the orc wizard.
The orc wizard hits you but does no damage.
The orc wizard barely misses you.
You hit the orc wizard. The orc wizard misses you.
You hit the orc wizard but do no damage.
The orc wizard hits you with a +0 dagger.
* * * LOW HITPOINT WARNING * * *
The orc wizard closely misses you.
You now have 0/12 mp.
You miss the orc wizard. The orc wizard closely misses you.
You closely miss the orc wizard. The orc wizard misses you.
The orc wizard closely misses you.
Unknown command.
You hit the orc wizard but do no damage.
The orc wizard hits you but does no damage.
You barely miss the orc wizard. The orc wizard closely misses you.
You block the orc wizard's attack.
You hit the orc wizard. The orc wizard misses you.
You hit the orc wizard.
The orc wizard hits you with a +0 dagger.
* * * LOW HITPOINT WARNING * * *
The orc wizard casts a spell at you. The magic dart hits you.
* * * LOW HITPOINT WARNING * * *
You take 6 damage, and have 1/41 hp.
You closely miss the orc wizard.
The orc wizard hits you with a +0 dagger.
You die...
Kikubaaqudgha rasps: "You have failed me!
Welcome... oblivion!"

######### #.......# #####
#..<.##.# #######...# ##.....#.#
#....s....# #........#
.s#####s..# ##.....#.# .
..######.#### #....##.### #.
...#........#######.........# #.
..##.###.#.....o@.%.......... ..
s..#.# #.#..######..#.#####(# #.
...#.# #.#..#### #.[#.### #.# #.
...#.###.......# #..#...###.# #.
'###........##.###..##...##.# #.
..########..........#.#.#.#.# ##
...## #..##.###...##.##..# ##.
....## ##..................###..
.....####......###.#.#.....###...


You could see an orc wizard.

Vanquished Creatures
  A scorpion (D:4)
  A vampire bat (D:2)
  2 orc priests (D:4)
  2 worker ants
  A hound skeleton (D:4)
  A worker ant zombie (D:4)
  5 adders
  2 oozes
  4 worms
  A dart slug (D:1)
  6 leopard geckos
  5 orcs
  2 ball pythons (D:1)
  3 bat skeletons (D:2)
  4 bat zombies (D:2)
  4 giant cockroaches
  12 hobgoblins
  16 jackals
  A quokka (D:2)
  6 bats
  5 frilled lizards
  4 goblins
  11 kobolds
  A quokka skeleton (D:4)
  6 rats
106 creatures vanquished.

Notes
Turn   | Place    | Note
-------+----------+-------------------------------------------
     0 | D:1      | mhoghedin the Mummy Conjurer began the quest for the Orb.
     0 | D:1      | Reached XP level 1. HP: 13/13 MP: 4/4
   101 | D:1      | Reached skill level 3 in Spellcasting
   160 | D:1      | Reached XP level 2. HP: 19/19 MP: 0/6
   233 | D:1      | Learned a level 2 spell: Searing Ray
   741 | D:1      | Reached XP level 3. HP: 24/24 MP: 4/8
  1205 | D:1      | Reached skill level 1 in Shields
  1605 | D:2      | Reached XP level 4. HP: 29/30 MP: 0/9
  1683 | D:2      | Learned a level 3 spell: Dazzling Spray
  1724 | D:2      | Found an ancient bone altar of Kikubaaqudgha.
  1796 | D:2      | Reached skill level 4 in Spellcasting
  1796 | D:2      | Reached skill level 4 in Conjurations
  2058 | D:2      | Found a faded altar of an unknown god.
  2162 | D:2      | Reached skill level 1 in Hexes
  2530 | D:2      | Reached XP level 5. HP: 33/35 MP: 1/11
  2922 | D:2      | Became a worshipper of Kikubaaqudgha
  3227 | D:3      | Learned a level 4 spell: Fulminant Prism
  3478 | D:3      | Reached skill level 2 in Shields
  3916 | D:3      | Found a sacrificial altar of Ru.
  4212 | D:4      | Reached XP level 6. HP: 41/41 MP: 9/12
  4468 | D:4      | Reached skill level 3 in Shields
  4530 | D:4      | HP: 8/41 [orc wizard/magic dart (4)]
  4540 | D:4      | HP: 4/41 [orc wizard/+0 dagger (3)]
  4540 | D:4      | HP: 1/41 [orc wizard/magic dart (3)]
  4541 | D:4      | Slain by an orc wizard

Levels and vault maps discovered:
D:1:      dpeg_arrival_pits, layout_basic
D:2:      layout_basic, kennysheep_vampire_church,
          chequers_ecumenical_altar_island, hangedman_feature_mirror
D:3:      layout_basic, nicolae_ru_path_of_blood
D:4:      layout_loops_corners, first_ration, sigmund_edmund_badplayer,
          uniq_robin

Skill      XL: |  1  2  3  4  5  6 |
---------------+-------------------+-----
Spellcasting   | 3 4 |  4.4
Shields        | 1 2 3 |  3.6
Conjurations   | 4 |  4.3
Hexes          | 1 |  1.5
Dodging        | |  1.5
Stealth        | |  1.5

Action                   |  1- 3 |  4- 6 || total
-------------------------+-------+-------++-------
Melee: Dagger            |     9 |    69 ||    78
 Cast: Magic Dart        |    55 |   156 ||   211
       Searing Ray       |    12 |     7 ||    19
       Dazzling Spray    |       |     1 ||     1
  Use: Scroll            |     2 |       ||     2
Armor: Robe              |    12 |    33 ||    45
Dodge: Dodged            |    59 |    89 ||   148
Block: Buckler           |    10 |    30 ||    40

Table legend:
 A = Non-vault XP
 B = Vault XP
 C = Vault XP percentage of total XP
 D = Non-vault monster count
 E = Vault monster count
 F = Vault count percentage of total count
                 A         B        C        D         E       F
            +---------+---------+-------+---------+---------+-------
      Total |     502 |      75 |  13.0 |      96 |      10 |   9.4
            +---------+---------+-------+---------+---------+-------
        D:1 |      66 |       0 |   0.0 |      35 |       0 |   0.0
        D:2 |     107 |      75 |  41.2 |      25 |      10 |  28.6
        D:3 |     118 |       0 |   0.0 |      27 |       0 |   0.0
        D:4 |     211 |       0 |   0.0 |       9 |       0 |   0.0
            +---------+---------+-------+---------+---------+-------

Levels and vault maps discovered:
D:1:      dpeg_arrival_pits, layout_basic
D:2:      layout_basic, kennysheep_vampire_church,
          chequers_ecumenical_altar_island, hangedman_feature_mirror
D:3:      layout_basic, nicolae_ru_path_of_blood
D:4:      layout_loops_corners, first_ration, sigmund_edmund_badplayer,
          uniq_robin

Table legend:
 A = Turns spent in this place as a percentage of turns spent in the entire game.
 B = Non-inter-level travel turns spent in this place as a percentage of non-inter-level travel turns spent in the entire game.
 C = Inter-level travel turns spent in this place as a percentage of turns spent in this place.
 D = Turns resting spent in this place as a percentage of non-inter-level travel turns spent in this place.
 E = Turns spent auto-exploring this place as a percentage of non-inter-level travel turns spent in this place.
 F = Non-inter-level travel turns spent in this place divided by the number of levels of this place that you've seen.
                   A       B       C       D       E      F
               +-------+-------+-------+-------+-------+----------------------
         Total | 100.0 | 100.0 |   1.9 |  34.6 |  46.9 | 1114.0
       Dungeon | 100.0 | 100.0 |   1.9 |  34.6 |  46.9 | 1114.0
               +-------+-------+-------+-------+-------+----------------------

Table legend:
 A = Kills in this place as a percentage of kills in entire the game.
 B = Kills by you in this place as a percentage of kills by you in the entire game.
 C = Kills by friends in this place as a percentage of kills by friends in the entire game.
 D = Other kills in this place as a percentage of other kills in the entire game.
 E = Experience gained in this place as a percentage of experience gained in the entire game.
 F = Experience gained in this place divided by the number of levels of this place that you have seen.
                   A       B       C       D       E      F
               +-------+-------+-------+-------+-------+----------------------
         Total | 100.0 | 100.0 |   N/A |   N/A | 100.0 | 144.2
       Dungeon | 100.0 | 100.0 |   N/A |   N/A | 100.0 | 144.2
               +-------+-------+-------+-------+-------+----------------------
